Description

copy for spawning tool (without the missing timing for Baracks)

Build Order

Get SALT Encoding   

  14  0:23  Supply Depot  
  15  0:51  Refinery  
  18  1:20  Command Center  
  19  1:36  Engineering Bay  
  20  1:52  Refinery  
  21  2:08  Hi-Sec Auto Tracking  
  21  2:13  Supply Depot  
  22  2:55  Planetary Fortress  
Spawning Tool Build Advisor. Get it on Overwolf

Go to:

Details

  • Created by: lasrach
  • Published on: May 27, 2017
  • Modified on: May 27, 2017
  • Patch: 3.8.0
Show
View Real Time Build Order
Export as new Build Order

Comments (3)

On July 20, 2017, 12:31 a.m., Deadpool  said:

Juizeh .............the supply Number

On May 31, 2017, 7:36 a.m., lasrach  said:

The number on the left is your supply usage. At the beginning this changes only when you build an extra SCV. The above "build" does not list every SCV, which means you would keep building SCV's until your supply usage reaches the indicated level, and only then build the indicated structure.

Side note: This is not a serious build ("cheese build" with very low success probability) and you will likely want to stick to something more standard (with actual units such as marines or reapers) when starting the game.

On May 31, 2017, 2:44 a.m., Juizeh  said:

Guys im totally noob in this game, what mean left number?
14 0:23 Supply Depot

(i mean 14)

Create an account to comment!